 Dungeon Crawl Stone Soup version 0.27.1 (webtiles) character file.

Game seed: 13717422506949003543

242 ZARRMARR the Changer (level 6, -2/38 HPs)
             Began as an Octopode Transmuter on Aug 30, 2021.
             Killed by nerve-wracking pain
             ... invoked by Grinder
              (11 damage)
             ... on level 3 of the Dungeon.
             The game lasted 00:21:52 (4239 turns).

ZARRMARR the Changer (Octopode Transmuter)          Turns: 4239, Time: 00:21:52

Health: -2/38      AC:  2    Str: 10    XL:     6   Next: 9%
Magic:  7/9        EV: 19    Int: 17    God:
Gold:   188        SH:  5    Dex: 17    Spells: 5/9 levels left

rFire    . . .     SeeInvis .     - Unarmed
rCold    . . .     Faith    .   (shield currently unavailable)
rNeg     . . .     Spirit   .   (helmet currently unavailable)
rPois    x         Reflect  +   d - amulet of reflection
rElec    .         Harm     .   (no ring)
rCorr    .         Rampage  .   (no ring)
Will     .....                  (no ring)
Stlth    ++........             (no ring)
HPRegen  0.12/turn              (no ring)
MPRegen  0.11/turn              (no ring)
                                (no ring)
                                (no ring)

@: spider-form (expiring)
A: venomous fangs, almost no armour, (amphibious), 8 rings, tiny, (camouflage
1), (gelatinous body 1), (nimble swimmer 1), (tentacles)
a: End Transformation


You were on level 3 of the Dungeon.
You were a venomous arachnid creature.
You visited 1 branch of the dungeon, and saw 3 of its levels.

You collected 188 gold pieces.

Inventory:

Missiles
 b - 2 poisoned darts
 e - a boomerang (quivered)
Magical Staves
 f - a staff of death
Jewellery
 d - an amulet of reflection (around neck)
Wands
 h - a wand of flame (16)
Scrolls
 g - a scroll of magic mapping {unknown}
 i - a scroll of vulnerability {unknown}
Potions
 a - a potion of curing
 c - a potion of degeneration {unknown}


   Skills:
 - Level 1.0 Fighting
 - Level 2.0 Dodging
 - Level 3.0 Unarmed Combat
 - Level 2.0 Spellcasting
 + Level 4.9 Transmutations
 * Level 0.1 Ice Magic
 - Level 4.1 Poison Magic


You had 5 spell levels left.
You knew the following spells:

 Your Spells              Type           Power      Damage    Failure   Level
a - Beastly Appendage     Tmut           36%        N/A       10%         1
b - Spider Form           Tmut/Pois      8%         N/A       22%         3

Your spell library contained the following spells:

 Spells                   Type           Power      Damage    Failure   Level
 Wereblood                Tmut           18%        N/A       12%         2
 Slow                     Hex            1%         N/A       50%         2
 Static Discharge         Conj/Air       1%         N/A       50%         2
 Confusing Touch          Hex            1%         N/A       71%         3
 Vampiric Draining        Necr           0%         2d6       71%         3
 Ice Form                 Ice/Tmut       10%        N/A       77%         4
 Dispel Undead            Necr           1%         3d6       96%         4
 Sticky Flame             Conj/Fire      1%         2d3       96%         4


Dungeon Overview and Level Annotations

Branches:
Dungeon (3/15)

Altars:
Uskayaw

Shops:
D:3 ?

Annotations:
D:3 Grinder


Innate Abilities, Weirdness & Mutations

You are a venomous arachnid creature.
You have poisonous fangs.
You are tiny and dextrous.
Your spellcasting is less reliable in this form.
Your armour is entirely melded.
You are incapable of wielding weapons or throwing items.
You cannot wear most types of armour.
((You are amphibious.))
You can wear up to eight rings at the same time.
((Your skin changes colour to match your surroundings (Stealth+).))
((Your rubbery body absorbs attacks. (AC +1, EV +1)))
((You are camouflaged near water. (Stealth+)))
((You have tentacles for arms and can constrict up to eight enemies at once.))


Message History

Grinder is moderately wounded.
You hit Grinder.
Grinder is moderately wounded.
You block Grinder's attack.
You hit Grinder but do no damage.
Grinder is moderately wounded.
Your transformation has ended.
You block Grinder's attack.
Casting: Spider Form (dangerous; 9% risk of failure)
Confirm with . or Enter, or press ? or * to list all spells.
You turn into a venomous arachnid creature.
Grinder gestures at you. You resist with significant effort.
You hit Grinder but do no damage.
Grinder is poisoned.
Grinder is moderately wounded.
Grinder barely misses you.
You hit Grinder.
Grinder is moderately wounded.
Grinder misses you.
You barely miss Grinder.
Grinder is moderately wounded.
Grinder misses you.
You hit Grinder but do no damage.
Grinder looks as sick as possible!
Grinder is heavily wounded.
Grinder blinks!
Grinder gestures at you. Pain shoots through your body!
Your transformation is almost over.
Grinder misses you.
You hit Grinder.
Grinder is almost dead.
Grinder gestures at you. Pain shoots through your body!
* * * LOW HITPOINT WARNING * * *
You hit Grinder but do no damage.
Grinder looks even sicker.
Grinder is almost dead.
Grinder blinks!
Grinder gestures at you. Pain shoots through your body!
You die...

####........#
..######(.<.....# ####
#......#(........###.....
##.# #.(...5..§[.....# ...#
##.............########
...####......#######........#
.........###÷...# #........#
....##.########.####........#
...###(#....# #.s.##........#
......).....# ###....5......#
...#####)<.[# ####........#
...# ###### #........# ...#
#........# ...# #........#
#### ##########


You could see Grinder (very poisoned).

Vanquished Creatures
  A necrophage (D:3)
  A scorpion zombie (D:3)
  4 gnolls
  3 adders
  A worm (D:3)
  3 dart slugs (D:2)
  5 orcs (D:3)
  3 bats
  8 endoplasms
  3 goblins
  4 hobgoblins
  3 quokkas
  7 ball pythons
  2 frilled lizards
  5 kobolds
  3 rats
56 creatures vanquished.

Vanquished Creatures (others)
  A fungus (D:1)
  2 plants (D:1)
3 creatures vanquished.

Grand Total: 59 creatures vanquished

Notes
Turn   | Place    | Note
-------+----------+-------------------------------------------
     0 | D:1      | ZARRMARR the Octopode Transmuter began the quest for the
                  | Orb.
     0 | D:1      | Reached XP level 1. HP: 13/13 MP: 3/3
     9 | D:1      | Noticed an ogre
   417 | D:1      | Reached skill level 1 in Poison Magic
   507 | D:1      | Reached XP level 2. HP: 16/18 MP: 3/5
   733 | D:1      | Found a faded altar of an unknown god.
  1425 | D:2      | Reached XP level 3. HP: 21/23 MP: 6/6
  1743 | D:2      | Found a hide-covered altar of Uskayaw.
  2409 | D:2      | Reached XP level 4. HP: 15/28 MP: 7/7
  2981 | D:3      | Noticed a necrophage
  2994 | D:3      | Killed a necrophage
  2995 | D:3      | Reached XP level 5. HP: 29/33 MP: 6/8
  3123 | D:3      | Noticed Grinder
  3352 | D:3      | Reached XP level 6. HP: 38/38 MP: 9/9
  3357 | D:3      | Learned a level 3 spell: Spider Form
  3971 | D:3      | Found Wiallud's Magic Scroll Boutique.
  4005 | D:3      | Paralysed by Grinder for 4 turns
  4239 | D:3      | Killed from afar by Grinder

Illustrated notes

Levels and vault maps discovered:
D:1:      evilmike_arrival_come_back, layout_basic, shapermc_ecumenical_altar_gd
D:2:      layout_loops_cross, basic_altar
D:3:      layout_rooms, serial_shops, nicolae_shop_statue_plus, uniq_grinder,
          uniq_crazy_yiuf_cottage

Skill      XL: |  1  2  3  4  5 |
---------------+----------------+-----
Poison Magic   | 1 2 3 4 |  4.1
Transmutations | 3 4 |  4.9
Fighting       | |  1.0
Dodging        | |  2.0
Unarmed Combat | |  3.0
Spellcasting   | |  2.0
Ice Magic      | |  0.1

Action                   |  1- 3 |  4- 6 || total
-------------------------+-------+-------++-------
Melee: Unarmed           |    69 |    62 ||   131
       Kick              |    25 |    11 ||    36
       Constrict         |    17 |     9 ||    26
       Tentacles         |     9 |     5 ||    14
       Punch             |     4 |       ||     4
Throw: Dart              |    16 |    22 ||    38
       Boomerang         |       |    13 ||    13
 Cast: Beastly Appendage |    24 |    13 ||    37
       Spider Form       |       |    10 ||    10
Evoke: Wand              |       |     4 ||     4
  Use: Scroll            |     3 |     1 ||     4
 Stab: Sleeping          |     5 |       ||     5
Armor: Skin              |     3 |     2 ||     5
Dodge: Dodged            |    28 |    31 ||    59
Block: Other             |     6 |    11 ||    17
       Reflection        |     1 |       ||     1
